 Dungeon Crawl Stone Soup version 0.26.0-10-g1f06aea511 (webtiles) character file.

Game seed: 17846833614286539957

49863 iamserjio the Fighter (level 14, 10/113 HPs)
             Began as a Gnoll Abyssal Knight on Jan 31, 2021.
             Was a High Priest of Lugonu.
             Quit the game on level 1 of the Elven Halls.
             The game lasted 01:12:04 (6978 turns).

iamserjio the Fighter (Gnoll Abyssal Knight)        Turns: 6978, Time: 01:12:05

Health: 10/113     AC: 16    Str: 24    XL:     14   Next: 52%
Magic:  39/39      EV: 17    Int: 19    God:    Lugonu [*****.]
Gold:   196        SH:  0    Dex: 12    Spells: 15/31 levels left

rFire    + + .     SeeInvis .   w - +0 broad axe
rCold    x x .     Faith    .   (no shield)
rNeg     . . .     Spirit   .   N - +3 salamander hide armour {Flames rF++ rC--}
rPois    +         Reflect  .   J - +0 hat of Qeall {rPois Regen+ rCorr Dex-3}
rElec    .         Harm     .   j - +2 cloak {Stlth+}
rCorr    +         Rampage  .   h - +1 pair of gloves {Str+3}
Will     +....                  f - +0 pair of boots
Stlth    ++++......             (no amulet)
HPRegen  0.68/turn              V - +6 ring of strength
MPRegen  0.26/turn              L - ring of magical power

@: no status effects
A: distributed training, fangs 1, icy blue scales 1, high mp 1, strong nose
a: Renounce Religion, Depart the Abyss, Bend Space, Banish, Corrupt, Enter the
Abyss


You were on level 1 of the Elven Halls.
You worshipped Lugonu.
Lugonu was extremely pleased with you.
You visited 3 branches of the dungeon, and saw 18 of its levels.
You visited the Abyss 2 times.
You also visited: Sewer and Gauntlet.

You collected 1020 gold pieces.
You spent 824 gold pieces at shops.

Inventory:

Hand Weapons
 m - a +2 war axe of draining
 w - a +0 broad axe (weapon)
 D - a +0 vampiric glaive
 G - the +4 spear of the Four Emperors {protect, +Fly rF- rC+}
   (You found it on level 6 of the Dungeon)

   It grants its wielder temporary protection when it strikes (+7 to AC).
   It makes you vulnerable to fire.
   It protects you from cold.
   It lets you fly.
 Q - a +4 dagger of freezing
Missiles
 k - 126 arrows
 u - 15 silver javelins (quivered)
 y - 3 throwing nets {!f}
 O - 7 boomerangs of dispersal
 P - 9 javelins
 Y - 2 curare-tipped darts
Armour
 f - a +0 pair of boots (worn)
 h - a +1 pair of gloves of strength (worn)
 j - a +2 cloak of stealth (worn)
 p - +0 pearl dragon scales
 I - a +0 tower shield
 J - the +0 hat of Qeall (worn) {rPois Regen+ rCorr Dex-3}
   (You found it in a Gauntlet)

   It affects your dexterity (-3).
   It protects you from poison.
   It increases your rate of regeneration.
   It provides partial protection from all sources of acid and corrosion.
 N - the +3 salamander hide armour (worn) {Flames rF++ rC--}
   (You found it on level 9 of the Dungeon)

   It greatly protects you from fire.
   It makes you very vulnerable to cold.
 R - a +0 troll leather armour
Magical Staves
 g - an uncursed staff of cold
Jewellery
 s - an uncursed ring of positive energy
 L - a ring of magical power (right hand)
 V - a +6 ring of strength (left hand)
Wands
 a - a wand of disintegration (14)
 K - a wand of polymorph (8)
 X - a wand of flame (10)
Scrolls
 c - 3 scrolls of enchant weapon
 d - 2 scrolls of enchant armour
 e - 15 scrolls of teleportation {@r3}
 i - 2 scrolls of amnesia {unknown}
 n - 3 scrolls of immolation
 o - 11 scrolls of remove curse {@r2}
 r - a scroll of noise {unknown}
 v - a scroll of fog {unknown}
 x - a scroll of vulnerability {unknown}
 E - a scroll of brand weapon {unknown}
 F - a scroll of magic mapping {unknown}
Potions
 b - a potion of berserk rage {unknown}
 l - a potion of magic
 q - 7 potions of brilliance
 z - a potion of flight
 A - a potion of lignification
 B - 3 potions of might {@q3}
 H - 2 potions of heal wounds {@q2}
 M - 2 potions of haste {@q4}
 S - 2 potions of curing {@q1}
 T - 3 potions of invisibility
 Z - a potion of mutation
Miscellaneous
 t - a tin of tremorstones (2/2)
 C - a lightning rod (4/4)
 U - a phial of floods


   Skills:
 + Level 11.2 Fighting
 + Level 10.3 Short Blades
 + Level 9.3 Long Blades
 + Level 9.3 Axes
 + Level 9.3 Maces & Flails
 + Level 9.3 Polearms
 + Level 9.3 Staves
 + Level 9.3 Slings
 + Level 9.3 Bows
 + Level 9.3 Crossbows
 + Level 9.3 Throwing
 + Level 10.3 Armour
 + Level 9.6 Dodging
 + Level 9.3 Stealth
 + Level 9.3 Shields
 + Level 9.3 Unarmed Combat
 + Level 9.3 Spellcasting
 + Level 7.7 Conjurations
 + Level 7.7 Hexes
 + Level 7.7 Summonings
 + Level 7.7 Necromancy
 + Level 7.7 Translocations
 + Level 7.7 Transmutations
 + Level 7.7 Fire Magic
 + Level 7.7 Ice Magic
 + Level 7.7 Air Magic
 + Level 7.7 Earth Magic
 + Level 7.7 Poison Magic
 + Level 11.0 Invocations
 + Level 9.3 Evocations


You had 15 spell levels left.
You knew the following spells:

 Your Spells              Type           Power        Failure   Level
a - Summon Ice Beast      Ice/Summ       38%          3%          4
b - Summon Lightning Spi  Summ/Air       38%          3%          4
c - Call Canine Familiar  Summ           38%          1%          3
d - Blade Hands           Tmut           19%          10%         5

Your spell library contained the following spells:

 Spells                   Type           Power        Failure   Level
 Beastly Appendage        Tmut           76%          1%          1
 Foxfire                  Conj/Fire      100%         1%          1
 Summon Small Mammal      Summ           100%         1%          1
 Call Imp                 Summ           38%          1%          2
 Wereblood                Tmut           38%          1%          2
 Spider Form              Tmut/Pois      19%          1%          3
 Summon Guardian Golem    Hex/Summ       38%          1%          3
 Cause Fear               Hex            19%          3%          4
 Ice Form                 Ice/Tmut       38%          3%          4
 Dragon Form              Tmut           19%          97%         7
 Dragon's Call            Summ           19%          100%        9


Dungeon Overview and Level Annotations

Branches:
Dungeon (15/15)            Temple (0/1) D:7             Orc (2/2) D:9
    Elf (1/3) Orc:2        Vaults (0/5) D:13          Sewer (visited)
Gauntlet (visited)
   Lair: D:8-11      Depths: D:15

Altars:
Beogh

Shops:
D:14 [   Orc:2 [:**

Annotations:
D:12 exclusion: 2 orange crystal statues
D:13 corrupted
D:14 3 runed translucent doors, SeriousVitamin's ghost, journeyman MiFi
Orc:2 corrupted
Abyss:1 Psyche, Snorg


Innate Abilities, Weirdness & Mutations

Your experience applies equally to all skills.
You have very sharp teeth.
Your uncanny sense of smell can sniff out nearby items.
You are partially covered in icy blue scales. (AC +2)
You have an increased reservoir of magic. (+10% MP)


Message History

You closely miss the +2 vorpal war axe.
You bite the +2 vorpal war axe, but do no damage.
The +2 vorpal war axe is engulfed in blazing flames.
The +2 vorpal war axe completely misses you.
You closely miss the +2 vorpal war axe. The +2 vorpal war axe hits you! x2
You completely miss the +2 vorpal war axe.
The +2 vorpal war axe hits you.
You slash the +2 vorpal war axe!
The +2 vorpal war axe is engulfed in blazing flames.
The +2 vorpal war axe hits you. The +2 vorpal war axe misses you.
You closely miss the +2 vorpal war axe.
The +2 vorpal war axe is engulfed in blazing flames.
The +2 vorpal war axe hits you!
* * * LOW HITPOINT WARNING * * *
x2 You hit the +2 vorpal war axe but do no damage.
The +2 vorpal war axe is engulfed in blazing flames.
The +2 vorpal war axe hits you!
* * * LOW HITPOINT WARNING * * *
x2 The +2 vorpal war axe hits you!
* * * LOW HITPOINT WARNING

* * * x2 #.###.#
##...#.####
##....#....
#.......#.#
#.......#.#
#.....>...# #.○(#####
#.°@#...## ##°#○....##
#........##
##.........######
#.........###.>.###
###........##.......##
#.........##[...⌠....#
#.##.....##)..#####..)
#.##....##...## ##..


You could see a +2 vorpal war axe.

Vanquished Creatures
  Gastronok (Orc:1)
  Agnes (D:14)
  Louise (D:14)
  A minotaur (Gauntlet)
  An ogre mage (Orc:2)
  Fannar (D:11)
  Harold (Orc:1)
  2 centaur warriors
  A death knight (D:9)
  3 two-headed ogres
  A tengu warrior (D:14)
  A dancing weapon (Elf:1)
  A catoblepas (Gauntlet)
  A soul eater (Gauntlet)
  3 orc high priests (Orc:2)
  Pikel (D:8)
  2 orc knights (Orc:2)
  3 orc sorcerers
  6 ugly things
  6 deep elf magi
  2 cyclopes
  A manticore (D:14)
  Maurice (Orc:1)
  A centaur zombie (D:12)
  A centaur skeleton (D:15)
  A cane toad (shapeshifter) (D:13)
  A torpor snail (Gauntlet)
  Maggie (D:6)
  A tengu conjurer (D:14)
  7 trolls
  Grinder (D:4)
  A blink frog (shapeshifter) (D:9)
  5 shadows
  A wyvern (D:11)
  3 wraiths (D:14)
  A water elemental (Elf:1)
  20 yaks
  7 humans (D:13)
  Eustachio (D:6)
  A steam dragon (D:12)
  3 wargs
  2 water moccasins
  3 ice beasts
  2 black bears
  36 orc warriors
  A necrophage (D:7)
  3 sky beasts
  A tengu (D:8)
  7 ogres
  A centaur (D:8)
  8 big kobolds
  5 bullfrogs
  A water moccasin zombie (D:9)
  6 scorpions
  A wyvern skeleton (D:14)
  13 killer bees
  A howler monkey (D:13)
  21 wights
  A bullfrog zombie (D:10)
  3 jellies
  20 orc priests
  4 hounds
  19 orc wizards
  Crazy Yiuf (D:4)
  An iguana (D:9)
  Natasha (twice) (D:4)
  6 worker ants
  A howler monkey zombie (D:6)
  A worker ant zombie (D:5)
  A howler monkey skeleton (D:5)
  6 adders
  4 shadow imps (Gauntlet)
  3 white imps
  An ufetubus (D:9)
  An ooze (Sewer)
  2 adder skeletons
  2 worms
  A dart slug (D:1)
  2 leopard geckos
  72 orcs
  9 giant cockroaches
  2 goblins (D:3)
  3 hobgoblins
  7 jackals
  3 quokkas
  3 ball pythons (Sewer)
  4 bats
  3 frilled lizards
  27 kobolds
  A leopard gecko zombie (D:7)
  3 rats
430 creatures vanquished.

Vanquished Creatures (collateral kills)
  A freezing wraith (D:9)
  2 wargs (D:9)
  A killer bee (D:9)
  A jelly (D:9)
  An adder skeleton (D:9)
  An adder zombie (D:9)
  6 kobolds (D:9)
13 creatures vanquished.

Vanquished Creatures (others)
  Rupert (D:13)
  An orc warlord (Orc:2)
  2 centaur warriors (D:13)
  Urug (D:13)
  2 orc high priests (Orc:2)
  9 humans (D:13)
  An acid dragon (D:13)
  7 orc warriors (Orc:2)
  An ice beast (Orc:2)
  An ogre (D:13)
  A centaur (D:13)
  A howler monkey (D:13)
  10 orc priests (Orc:2)
  3 orc wizards (Orc:2)
  9 orcs (Orc:2)
  11 plants
  6 starspawn tentacles (D:13)
67 creatures vanquished.

Grand Total: 510 creatures vanquished

Notes
Turn   | Place    | Note
-------+----------+-------------------------------------------
     0 | Abyss:1  | iamserjio the Gnoll Abyssal Knight began the quest for the
                  | Orb.
     0 | Abyss:1  | Reached XP level 1. HP: 23/23 MP: 3/3
    32 | D:1      | Escaped the Abyss
    86 | D:1      | Reached XP level 2. HP: 23/29 MP: 5/5
   361 | D:3      | Reached XP level 3. HP: 34/35 MP: 6/6
   377 | D:3      | Reached ** piety under Lugonu
   495 | D:4      | Noticed Grinder
   498 | D:4      | Killed Grinder
   499 | D:4      | Reached skill level 1 in Long Blades
   499 | D:4      | Reached skill level 1 in Axes
   499 | D:4      | Reached skill level 1 in Maces & Flails
   499 | D:4      | Reached skill level 1 in Polearms
   499 | D:4      | Reached skill level 1 in Staves
   499 | D:4      | Reached skill level 1 in Slings
   499 | D:4      | Reached skill level 1 in Bows
   499 | D:4      | Reached skill level 1 in Crossbows
   499 | D:4      | Reached skill level 1 in Throwing
   499 | D:4      | Reached skill level 1 in Stealth
   499 | D:4      | Reached skill level 1 in Shields
   499 | D:4      | Reached skill level 1 in Unarmed Combat
   499 | D:4      | Reached skill level 1 in Spellcasting
   499 | D:4      | Reached skill level 1 in Conjurations
   499 | D:4      | Reached skill level 1 in Hexes
   499 | D:4      | Reached skill level 1 in Summonings
   499 | D:4      | Reached skill level 1 in Necromancy
   499 | D:4      | Reached skill level 1 in Translocations
   499 | D:4      | Reached skill level 1 in Transmutations
   499 | D:4      | Reached skill level 1 in Fire Magic
   499 | D:4      | Reached skill level 1 in Ice Magic
   499 | D:4      | Reached skill level 1 in Air Magic
   499 | D:4      | Reached skill level 1 in Earth Magic
   499 | D:4      | Reached skill level 1 in Poison Magic
   499 | D:4      | Reached skill level 5 in Invocations
   499 | D:4      | Reached skill level 1 in Evocations
   499 | D:4      | Reached XP level 4. HP: 41/41 MP: 7/7
   499 | D:4      | Reached XP level 5. HP: 47/47 MP: 8/8
   499 | D:4      | Reached XP level 6. HP: 53/53 MP: 9/9
   556 | D:3      | Reached skill level 5 in Short Blades
   556 | D:3      | Reached skill level 5 in Armour
   661 | D:5      | Entered Level 5 of the Dungeon
   754 | D:5      | Found a glowing drain.
   797 | Sewer    | Entered a sewer
   830 | Sewer    | Reached XP level 7. HP: 38/59 MP: 10/10
  1099 | D:5      | Reached *** piety under Lugonu
  1143 | D:4      | Found a runed translucent door.
  1143 | D:4      | Noticed Natasha
  1144 | D:4      | Noticed Crazy Yiuf
  1152 | D:4      | Killed Natasha
  1164 | D:4      | Killed Crazy Yiuf
  1235 | D:4      | Noticed Natasha
  1244 | D:4      | Killed Natasha
  1312 | D:6      | Reached XP level 8. HP: 41/67 MP: 12/12
  1316 | D:6      | Got a shimmering spear
  1324 | D:6      | Identified the +4 spear of the Four Emperors {protect, +Fly
                  | rF- rC+} (You found it on level 6 of the Dungeon)
  1525 | D:6      | Noticed Eustachio
  1533 | D:6      | Killed Eustachio
  1544 | D:6      | Noticed Maggie
  1563 | D:6      | Killed Maggie
  1564 | D:6      | Reached XP level 9. HP: 10/73 MP: 14/14
  1679 | D:7      | Found a staircase to the Ecumenical Temple.
  1800 | D:7      | Reached skill level 5 in Dodging
  1833 | D:8      | Reached **** piety under Lugonu
  1866 | D:8      | Learned a level 4 spell: Summon Ice Beast
  1871 | D:8      | Learned a level 4 spell: Summon Lightning Spire
  1875 | D:8      | Learned a level 3 spell: Call Canine Familiar
  1879 | D:8      | Noticed Psyche
  1879 | D:8      | Banished Psyche
  1886 | D:8      | Noticed a hornet
  1894 | D:8      | Banished a hornet
  1922 | D:8      | Noticed Pikel
  1949 | D:8      | Killed Pikel
  1950 | D:8      | Reached XP level 10. HP: 33/80 MP: 17/17
  1960 | D:8      | Reached skill level 5 in Long Blades
  1960 | D:8      | Reached skill level 5 in Axes
  1960 | D:8      | Reached skill level 5 in Maces & Flails
  1960 | D:8      | Reached skill level 5 in Polearms
  1960 | D:8      | Reached skill level 5 in Staves
  1960 | D:8      | Reached skill level 5 in Slings
  1960 | D:8      | Reached skill level 5 in Bows
  1960 | D:8      | Reached skill level 5 in Crossbows
  1960 | D:8      | Reached skill level 5 in Throwing
  1960 | D:8      | Reached skill level 5 in Stealth
  1960 | D:8      | Reached skill level 5 in Shields
  1960 | D:8      | Reached skill level 5 in Unarmed Combat
  1960 | D:8      | Reached skill level 5 in Spellcasting
  1960 | D:8      | Reached skill level 5 in Evocations
  2496 | D:9      | Found a staircase to the Orcish Mines.
  2516 | D:9      | Found a runed translucent door.
  2516 | D:9      | Noticed a centaur warrior
  2517 | D:9      | Noticed an ettin
  2524 | D:9      | Killed a centaur warrior
  2564 | D:9      | Banished an ettin
  2565 | D:9      | Reached XP level 11. HP: 31/87 MP: 1/19
  2619 | D:9      | Noticed a death knight
  2649 | D:9      | Killed a death knight
  2650 | D:9      | Reached skill level 5 in Conjurations
  2650 | D:9      | Reached skill level 5 in Hexes
  2650 | D:9      | Reached skill level 5 in Summonings
  2650 | D:9      | Reached skill level 5 in Necromancy
  2650 | D:9      | Reached skill level 5 in Translocations
  2650 | D:9      | Reached skill level 5 in Transmutations
  2650 | D:9      | Reached skill level 5 in Fire Magic
  2650 | D:9      | Reached skill level 5 in Ice Magic
  2650 | D:9      | Reached skill level 5 in Air Magic
  2650 | D:9      | Reached skill level 5 in Earth Magic
  2650 | D:9      | Reached skill level 5 in Poison Magic
  2767 | D:9      | Found the +3 salamander hide armour {Flames rF++ rC--}
  3017 | D:10     | Entered Level 10 of the Dungeon
  3173 | D:10     | Reached ***** piety under Lugonu
  3255 | D:11     | Noticed Snorg
  3263 | D:11     | Banished Snorg
  3314 | D:11     | Noticed Fannar
  3324 | D:11     | Killed Fannar
  3347 | D:11     | Noticed a boulder beetle
  3351 | D:11     | Banished a boulder beetle
  3487 | D:12     | Noticed a manticore
  3488 | D:12     | Banished a manticore
  3540 | D:12     | Noticed a cyclops
  3545 | D:12     | Killed a cyclops
  3556 | D:12     | Found a gate leading to a gauntlet.
  3560 | D:12     | Reached XP level 12. HP: 84/96 MP: 22/22
  3562 | Gauntlet | Entered a Gauntlet
  3562 | Gauntlet | Found a transporter.
  3562 | Gauntlet | Found a transporter.
  3562 | Gauntlet | Noticed a green death
  3562 | Gauntlet | Noticed a catoblepas
  3574 | Gauntlet | Found a transporter.
  3576 | Gauntlet | Found a transporter.
  3582 | Gauntlet | Killed a catoblepas
  3595 | Gauntlet | Found a transporter.
  3622 | Gauntlet | Found a transporter.
  3640 | Gauntlet | Found a transporter.
  3657 | Gauntlet | Found a transporter.
  3667 | Gauntlet | Found a transporter.
  3668 | Gauntlet | Noticed a soul eater
  3677 | Gauntlet | Killed a soul eater
  3688 | Gauntlet | Noticed a dire elephant
  3689 | Gauntlet | Found a transporter.
  3696 | Gauntlet | Noticed a minotaur
  3707 | Gauntlet | Killed a minotaur
  3719 | Gauntlet | Got a distressingly furry hat
  3736 | Gauntlet | Identified the +0 hat of Qeall {rPois Regen+ rCorr Dex-3}
                  | (You found it in a Gauntlet)
  3904 | D:12     | Found Saduocvi's Distillery.
  3994 | D:13     | Noticed a centaur warrior
  3998 | D:13     | Banished a centaur warrior
  4031 | D:13     | Found a gate to the Vaults.
  4031 | D:13     | Noticed a centaur warrior
  4031 | D:13     | Noticed Rupert
  4031 | D:13     | Noticed Urug
  4067 | D:12     | Gained mutation: You are partially covered in icy blue
                  | scales. (AC +2) [potion of mutation]
  4067 | D:12     | Gained mutation: You have an increased reservoir of magic.
                  | (+10% MP) [potion of mutation]
  4306 | D:13     | Reached skill level 10 in Fighting
  4306 | D:13     | Corrupted D:13
  4306 | D:13     | Noticed an Executioner
  4306 | D:13     | Noticed a sun demon
  4306 | D:13     | Noticed a tentacled starspawn
  4306 | D:13     | Noticed a starcursed mass
  4306 | D:13     | Noticed a thrashing horror
  4309 | D:13     | Killed a centaur warrior
  4313 | D:13     | Killed Urug
  4313 | D:13     | Killed Rupert
  4325 | D:13     | Killed a centaur warrior
  4326 | D:13     | Noticed a tentacled starspawn
  4345 | D:13     | Noticed a red very ugly thing
  4356 | D:13     | Noticed a white draconian shifter
  4361 | D:13     | Noticed a starcursed mass
  4369 | D:13     | HP: 5/145 [manticore (shapeshifter)[Lugonu's corruption]
                  | (3)]
  4375 | Abyss:1  | HP: 4/145 [killer bee (6)]
  4382 | Abyss:1  | HP: 6/145 [killer bee (3)]
  4390 | Abyss:1  | HP: 4/145 [killer bee (4)]
  4399 | Abyss:1  | Noticed a tentacled starspawn
  4401 | D:13     | Escaped the Abyss
  4726 | D:14     | Noticed Agnes
  4730 | D:14     | Killed Agnes
  4731 | D:14     | Reached XP level 13. HP: 73/103 MP: 27/27
  4732 | D:14     | Noticed Louise
  4744 | D:14     | Killed Louise
  4756 | D:14     | Reached skill level 10 in Invocations
  4843 | D:14     | Found a runed translucent gate.
  4844 | D:14     | Found a runed translucent gate.
  4845 | D:14     | Found a runed translucent gate.
  4854 | D:14     | Noticed a minotaur
  4854 | D:14     | Noticed SeriousVitamin's ghost (journeyman MiFi)
  4929 | D:15     | Entered Level 15 of the Dungeon
  4981 | D:14     | Found Ricwoos's Armour Shop.
  4986 | D:14     | Bought a +1 pair of gloves of strength for 280 gold pieces
  5092 | D:14     | You fall into a shaft and drop 1 floor!
  5414 | Orc:1    | Entered Level 1 of the Orcish Mines
  5414 | Orc:1    | Noticed Harold
  5423 | Orc:1    | Killed Harold
  5869 | Orc:2    | Entered Level 2 of the Orcish Mines
  5916 | Orc:1    | Noticed Maurice
  5924 | Orc:1    | Killed Maurice
  5925 | Orc:1    | Noticed Gastronok
  5937 | Orc:1    | Killed Gastronok
  6079 | Orc:1    | Reached XP level 14. HP: 84/111 MP: 29/29
  6168 | Orc:2    | Found Fudwupn's Armour Emporium.
  6176 | Orc:2    | Reached skill level 10 in Short Blades
  6176 | Orc:2    | Reached skill level 10 in Armour
  6187 | Orc:2    | Found a roughly hewn altar of Beogh.
  6261 | Orc:2    | Found Zinog's Book Shoppe.
  6444 | Orc:2    | Found a staircase to the Elven Halls.
  6602 | Orc:2    | Noticed an orc warlord
  6603 | Orc:2    | Found a roughly hewn altar of Beogh.
  6604 | Orc:2    | Corrupted Orc:2
  6631 | Orc:2    | Found Kotug's Assorted Antiques.
  6641 | Orc:2    | Killed an orc warlord
  6720 | Orc:2    | Found Zaff's General Store.
  6735 | Orc:2    | Learned a level 5 spell: Blade Hands
  6737 | Orc:2    | Bought a potion of might for 64 gold pieces
  6737 | Orc:2    | Bought a potion of curing for 48 gold pieces
  6768 | Orc:2    | Bought a shiny iron wand for 144 gold pieces
  6768 | Orc:2    | Bought a potion of heal wounds for 180 gold pieces
  6768 | Orc:2    | Bought a scroll of teleportation for 108 gold pieces
  6829 | Elf:1    | Entered Level 1 of the Elven Halls
  6978 | Elf:1    | Quit the game

Illustrated notes

Levels and vault maps discovered:
D:1:      ncdulo_wetmaze, layout_loops_ring, kennysheep_small_spiral
D:2:      layout_basic, minmay_pentomino_v4, uniq_terence
D:3:      layout_basic, general_overflow_altar, serial_bayou,
          serial_bayou_shore_b, serial_bayou_lake_a, serial_bayou_ford_a
D:4:      layout_loops_cross, gammafunk_ghost_necromancy,
          uniq_crazy_yiuf_cottage, uniq_grinder, uniq_natasha
D:5:      layout_basic, portal_sewer_entry_f
D:6:      layout_basic, kennysheep_windowed_goal, uniq_maggie, uniq_eustachio
D:7:      minmay_flawed_box, layout_basic, minmay_temple_entry_waves
D:8:      layout_loops_ring, uniq_pikel, uniq_psyche
D:9:      layout_stronghold, minmay_orc_entry_guard_dogs, chequers_garden,
          minivault_13
D:10:     layout_roguey
D:11:     layout_basic, lair_entry_dummy, uniq_snorg, uniq_fannar, uniq_erica
D:12:     layout_roguey, serial_shops, kennysheep_mini, gauntlet_entry_generic,
          minmay_more_statues
D:13:     layout_basic, david_vaults_3
D:14:     layout_basic, maelrawn_ghost_gauntlet_escape, serial_shops,
          nicolae_shop_temple_entry_statues_fountains, uniq_louise, uniq_agnes
D:15:     gammafunk_depths_entry_grave, layout_long_grid, grunt_decor_clamped,
          trog_ov_bears_minmay, uniq_roxanne
Orc:1:    layout_caves, uniq_harold, uniq_gastronok, uniq_maurice
Orc:2:    pubby_orc_utopia, serial_shops
Elf:1:    layout_loops_corners, orc_legates, grunt_megastairs_5

Skill      XL: |  1  2  3  4  5  6  7  8  9 10 11 12 13 14 |
---------------+-------------------------------------------+-----
Long Blades    | 1 2 3 4 5 6 7 8 9 |  9.3
Axes           | 1 2 3 4 5 6 7 8 9 |  9.3
Maces & Flails | 1 2 3 4 5 6 7 8 9 |  9.3
Polearms       | 1 2 3 4 5 6 7 8 9 |  9.3
Staves         | 1 2 3 4 5 6 7 8 9 |  9.3
Slings         | 1 2 3 4 5 6 7 8 9 |  9.3
Bows           | 1 2 3 4 5 6 7 8 9 |  9.3
Crossbows      | 1 2 3 4 5 6 7 8 9 |  9.3
Throwing       | 1 2 3 4 5 6 7 8 9 |  9.3
Dodging        | 3 4 5 6 7 8 9 |  9.6
Stealth        | 1 2 3 4 5 6 7 8 9 |  9.3
Shields        | 1 2 3 4 5 6 7 8 9 |  9.3
Unarmed Combat | 1 2 3 4 5 6 7 8 9 |  9.3
Spellcasting   | 1 2 3 4 5 6 7 8 9 |  9.3
Conjurations   | 1 2 3 4 5 6 7 |  7.7
Hexes          | 1 2 3 4 5 6 7 |  7.7
Summonings     | 1 2 3 4 5 6 7 |  7.7
Necromancy     | 1 2 3 4 5 6 7 |  7.7
Translocations | 1 2 3 4 5 6 7 |  7.7
Transmutations | 1 2 3 4 5 6 7 |  7.7
Fire Magic     | 1 2 3 4 5 6 7 |  7.7
Ice Magic      | 1 2 3 4 5 6 7 |  7.7
Air Magic      | 1 2 3 4 5 6 7 |  7.7
Earth Magic    | 1 2 3 4 5 6 7 |  7.7
Poison Magic   | 1 2 3 4 5 6 7 |  7.7
Invocations    | 5 6 7 8 9 10 11 | 11.0
Evocations     | 1 2 3 4 5 6 7 8 9 |  9.3
Short Blades   | 5 6 7 8 9 10 | 10.3
Armour         | 5 6 7 8 9 10 | 10.3
Fighting       | 7 8 9 10 11 | 11.2

Action                   |  1- 3 |  4- 6 |  7- 9 | 10-12 | 13-15 || total
-------------------------+-------+-------+-------+-------+-------++-------
Melee: Short sword       |    51 |    92 |   107 |       |       ||   250
       Bite              |     3 |    10 |    24 |    25 |    24 ||    86
       Punch             |       |     2 |     3 |     1 |     6 ||    12
       Quarterstaff      |       |       |   111 |   144 |       ||   255
       Spear             |       |       |    47 |    77 |    10 ||   134
       Dagger            |       |       |     2 |     1 |       ||     3
       Flail             |       |       |       |     4 |       ||     4
       Broad axe         |       |       |       |     6 |     8 ||    14
       War axe           |       |       |       |    33 |   164 ||   197
Throw: Boomerang         |       |       |     5 |       |       ||     5
       Dart              |       |       |       |     1 |     2 ||     3
 Cast: Summon Ice Beast  |       |       |       |    15 |       ||    15
       Summon Lightning  |       |       |       |     2 |       ||     2
       Blade Hands       |       |       |       |       |     1 ||     1
Invok: Banish            |       |       |     2 |     8 |     7 ||    17
       Bend Space        |       |       |       |    17 |       ||    17
       Corrupt           |       |       |       |     1 |     1 ||     2
       Depart the Abyss  |       |       |       |     1 |       ||     1
       Enter the Abyss   |       |       |       |     1 |       ||     1
 Abil: End Transformatio |       |       |       |       |     1 ||     1
Evoke: Wand              |     3 |    10 |    13 |    19 |     1 ||    46
       Phial of floods   |       |       |       |     1 |     1 ||     2
       Tin of tremorston |       |       |       |     2 |       ||     2
  Use: Potion            |     2 |       |     2 |    17 |       ||    21
       Scroll            |       |       |     1 |    11 |       ||    12
 Stab: Sleeping          |     1 |       |     6 |     3 |     2 ||    12
       Confused          |       |     1 |       |       |       ||     1
       Paralysed         |       |       |       |     2 |       ||     2
       Distracted        |       |       |       |     2 |     2 ||     4
Armor: Leather armour    |     5 |       |       |    39 |    74 ||   118
       Ring mail         |     7 |    31 |    79 |       |       ||   117
       Steam dragon scal |       |       |    48 |    39 |       ||    87
       Skin              |       |       |       |    52 |       ||    52
Dodge: Dodged            |    22 |    61 |   186 |   145 |   171 ||   585
